 Dungeon Crawl Stone Soup version 0.26-a0-257-g47e9e61525 (webtiles) character file.

Game seed: 2969720213094277608

1607 BritishOli the Skirmisher (level 8, -6/96 HPs)
             Began as a Demonspawn Fighter on July 10, 2020.
             Was a Follower of Okawaru.
             Mangled by Joseph
             ... wielding a +0 quarterstaff
              (14 damage)
             ... on level 7 of the Dungeon.
             The game lasted 00:07:50 (7090 turns).

BritishOli the Skirmisher (Demonspawn Fighter)      Turns: 7090, Time: 00:07:51

Health: -6/96      AC: 13    Str: 18    XL:     8   Next: 63%
Magic:  8/8        EV:  7    Int: 10    God:    Okawaru [*.....]
Gold:   385        SH: 10    Dex: 13    Spells: 7/7 levels left

rFire    . . .     SeeInvis .   a - +0 long sword
rCold    . . .     Faith    .   c - +0 kite shield
rNeg     + . .     Spirit   .   b - +0 scale mail
rPois    .         Reflect  .   (helmet restricted)
rElec    .         Harm     .   (no cloak)
rCorr    .                      (no gloves)
MR       .....                  (no boots)
Stlth    ..........             (no amulet)
HPRegen  0.26/turn              n - ring of positive energy
MPRegen  0.11/turn              (no ring)

@: berserking, sanguine armour, very quick
A: horns 2, demonic guardian 1, powered by death 1, sanguine armour 1
a: Heroism, Renounce Religion


You were on level 7 of the Dungeon.
You worshipped Okawaru.
Okawaru was aware of your devotion.
You were not hungry.

You visited 2 branches of the dungeon, and saw 8 of its levels.

You collected 385 gold pieces.

Inventory:

Hand Weapons
 a - a +0 long sword (weapon)
Armour
 b - a +0 scale mail (worn)
 c - a +0 kite shield (worn)
Jewellery
 n - a ring of positive energy (left hand)
Wands
 i - a wand of iceblast (16)
 y - a wand of enslavement (7)
Scrolls
 g - 2 scrolls of immolation {unknown}
 h - 4 scrolls of teleportation {unknown}
 k - a scroll of random uselessness {unknown}
 l - 5 scrolls of remove curse
 s - a scroll of fear {unknown}
 t - a scroll of enchant armour {unknown}
Potions
 d - 4 potions of might
 e - a potion of stabbing
 j - 2 potions of curing {unknown}
 m - 2 potions of flight
 o - a potion of brilliance {unknown}
 p - a potion of haste {unknown}
 q - 4 potions of lignification
 u - a potion of degeneration {unknown}
 v - a potion of heal wounds {unknown}
 x - a potion of resistance {unknown}
Comestibles
 f - 34 rations


   Skills:
 + Level 6.2 Fighting
 + Level 5.2 Long Blades
 + Level 5.6 Armour
 + Level 5.6 Shields


You had 7 spell levels left.
You didn't know any spells.
Your spell library contained the following spells:

 Spells                   Type           Power        Failure   Level
 Summon Small Mammal      Summ           #...         98%         1
 Call Imp                 Summ           #.......     99%         2
 Call Canine Familiar     Summ           #.......     100%        3
 Confusing Touch          Hex            #.......     100%        3
 Gell's Gravitas          Tloc           #.........   100%        3
 Summon Guardian Golem    Hex/Summ       #.......     100%        3
 Petrify                  Tmut/Erth      #.......     100%        4
 Summon Ice Beast         Ice/Summ       #.......     100%        4
 Summon Lightning Spire   Summ/Air       #.......     100%        4
 Metabolic Englaciation   Hex/Ice        #.........   100%        5
 Yara's Violent Unravell  Hex/Tmut       #.........   100%        5


Dungeon Overview and Level Annotations

Branches:
Dungeon (7/15)             Temple (1/1) D:6

Altars:
Ashenzari
Cheibriados
Dithmenos
Elyvilon
Fedhas
Gozag
Hepliaklqana
Kikubaaqudgha
Makhleb
Nemelex Xobeh
Okawaru
Qazlal
Ru
Sif Muna
Trog
Uskayaw
Vehumet
Wu Jian
Xom
Yredelemnul
Zin
The Shining One

Shops:
D:6 [

Annotations:
D:7 Joseph


Innate Abilities, Weirdness & Mutations

You have a pair of horns on your head.
A weak demonic guardian rushes to your aid.
You regenerate a little health from kills.
When seriously injured, your bleeding wounds create armour. (AC +6)


Message History

Your shadow imp dies!
Evoke which item? (* to show all) (? for menu, Esc to quit)
Aiming: Iceblast
Press: ? - help, Shift-Dir - straight line, f - Joseph
Aim: Joseph, wielding a +0 quarterstaff, wearing a +0 leather armour and quivering 22 sling bullets (heavily wounded, berserk, unaware, hasn't noticed you)
The mass of ice explodes!
The iceblast engulfs Joseph!
Joseph is severely wounded.
Joseph shouts!
Evoke which item? (* to show all) (? for menu, Esc to quit)
Aiming: Iceblast
Press: ? - help, Shift-Dir - straight line, f/p - Joseph
Aim: Joseph, wielding a +0 quarterstaff, wearing a +0 leather armour and quivering 22 sling bullets (severely wounded, berserk)
The mass of ice explodes!
The iceblast engulfs Joseph!
Joseph is severely wounded.
Joseph hits you with a +0 quarterstaff!
* * * LOW HITPOINT WARNING * * *
A red film seems to cover your vision as you go berserk!
You feel yourself moving faster!
You feel mighty! Joseph hits you with a +0 quarterstaff!
You die...

.....#### #........#
......... +.......@#
.....### #........#
.....######........#
###'##....#........#
#.##.##.#........#
#.##.##.#.......?#
#.##.#..##'#######
#....#.###.(.@@[.#
########.# #######.#
.........# #.#
#####.####### #.#
#####.##....######.#
.......'....'.....>#
####.###....########
# ##+###....# #
#...##....#


You could see Joseph (berserk).

Vanquished Creatures
  Duvessa (D:6)
  An ice beast (D:7)
  An ogre (D:5)
  2 centaurs (D:6)
  A big kobold (D:6)
  2 bullfrogs (D:7)
  Dowan (D:6)
  A scorpion (D:7)
  A bullfrog zombie (D:6)
  3 jellies
  A bullfrog skeleton (D:6)
  A hound (D:7)
  A gnoll shaman (D:6)
  An orc wizard (D:3)
  2 worker ants
  A hound zombie (D:5)
  A hound skeleton (D:6)
  2 worker ant zombies
  2 gnolls (D:6)
  8 adders
  A white imp (D:6)
  3 ufetubi
  An ooze (D:1)
  An adder skeleton (D:4)
  A worm (D:5)
  A dart slug (D:2)
  2 leopard geckos (D:3)
  14 orcs
  8 bats
  8 giant cockroaches
  11 goblins
  8 hobgoblins
  15 jackals
  A quokka (D:5)
  A ball python (D:2)
  4 frilled lizards
  10 kobolds
  7 rats
131 creatures vanquished.

Vanquished Creatures (collateral kills)
  A hornet (D:7)
  A sky beast (D:7)
  Blork the orc (D:6)
  A water moccasin zombie (D:5)
  2 hounds
  An orc priest (D:3)
  A worker ant (D:7)
  An adder (D:3)
  2 gnolls (D:6)
  3 jackals
  A quokka (D:7)
15 creatures vanquished.

Grand Total: 146 creatures vanquished

Notes
Turn   | Place    | Note
-------+----------+-------------------------------------------
     0 | D:1      | BritishOli the Demonspawn Fighter began the quest for the
                  | Orb.
     0 | D:1      | Reached XP level 1. HP: 18/18 MP: 1/1
   123 | D:1      | Gained mutation: You have a pair of small horns on your
                  | head. [demonic ancestry]
   123 | D:1      | Reached XP level 2. HP: 24/24 MP: 2/2
   995 | D:2      | Reached XP level 3. HP: 11/29 MP: 3/3
  1641 | D:2      | Gained mutation: A weak demonic guardian rushes to your
                  | aid. [demonic ancestry]
  1641 | D:2      | Reached XP level 4. HP: 36/36 MP: 4/4
  2207 | D:3      | Found a faded altar of an unknown god.
  2252 | D:3      | Found an opulent altar of Gozag.
  2415 | D:3      | Found a stormy altar of Qazlal.
  2442 | D:3      | Gained mutation: You regenerate a little health from kills.
                  | [demonic ancestry]
  2442 | D:3      | Reached XP level 5. HP: 9/42 MP: 5/5
  2445 | D:3      | Reached skill level 4 in Fighting
  3404 | D:5      | Entered Level 5 of the Dungeon
  3669 | D:5      | Gained mutation: When seriously injured, your bleeding
                  | wounds create armour. (AC +6) [demonic ancestry]
  3669 | D:5      | Reached XP level 6. HP: 47/48 MP: 6/6
  3713 | D:5      | Found a sacrificial altar of Ru.
  4170 | D:5      | Found a glowing golden altar of the Shining One.
  4176 | D:5      | Found a white marble altar of Elyvilon.
  4177 | D:5      | Found a basalt altar of Yredelemnul.
  4177 | D:5      | Found a shadowy altar of Dithmenos.
  4178 | D:5      | Found a burning altar of Makhleb.
  4179 | D:5      | Found a bloodstained altar of Trog.
  4569 | D:5      | Found an ornate altar of the Wu Jian Council.
  4700 | D:6      | Found Mykh's Armour Shoppe.
  4774 | D:6      | Gained mutation: You have a pair of horns on your head.
                  | [demonic ancestry]
  4774 | D:6      | Reached XP level 7. HP: 41/55 MP: 7/7
  4839 | D:6      | Noticed Blork the orc
  4849 | D:6      | Killed Blork the orc
  4898 | D:6      | Reached skill level 5 in Fighting
  5334 | D:6      | Found a staircase to the Ecumenical Temple.
  5548 | Temple   | Entered the Ecumenical Temple
  5775 | Temple   | Became a worshipper of Warmaster Okawaru
  6031 | D:7      | Reached skill level 5 in Armour
  6031 | D:7      | Reached skill level 5 in Shields
  6031 | D:7      | Reached XP level 8. HP: 63/63 MP: 8/8
  6175 | D:7      | Noticed Duvessa
  6177 | D:7      | Noticed Dowan
  6259 | D:6      | Killed Duvessa
  6411 | D:6      | Killed Dowan
  6411 | D:6      | Reached * piety under Okawaru
  6484 | D:7      | Found an ornate altar of the Wu Jian Council.
  6493 | D:7      | Reached skill level 6 in Fighting
  6493 | D:7      | Reached skill level 5 in Long Blades
  6637 | D:7      | Noticed a hornet
  6642 | D:7      | Killed a hornet
  7072 | D:7      | Noticed Joseph
  7090 | D:7      | Mangled by Joseph

Illustrated notes

Levels and vault maps discovered:
D:1:      erik_arrival_orb_chamber, layout_basic
D:2:      layout_loops_corners, first_ration, kennysheep_generic_room_4
D:3:      layout_basic, lemuel_crystal_altar, grunt_gozag_breadcrumbs,
          chequers_ecumenical_altar_lobes
D:4:      cheibrodos_greedy_goblins, layout_basic, corexii_leaking_fountain
D:5:      layout_layer_cave, nicolae_ru_awakened_eye,
          lemuel_coloured_pillars_altar, minitemple, minmay_holes,
          kennysheep_decorative_pillar
D:6:      layout_basic, minmay_temple_entry_enclosed_plants, serial_shops, shop,
          uniq_blork_the_orc
D:7:      layout_basic, basic_altar, uniq_duvessa, uniq_joseph
Temple:   minmay_temple_bridge_abc

Skill      XL: |  1  2  3  4  5  6  7  8 |
---------------+-------------------------+-----
Long Blades    | 2 3 4 5 |  5.2
Armour         | 3 4 5 |  5.6
Shields        | 3 4 5 |  5.6
Fighting       | 4 5 6 |  6.2

Action                   |  1- 3 |  4- 6 |  7- 9 || total
-------------------------+-------+-------+-------++-------
Melee: Long sword        |   126 |   194 |   159 ||   479
       Headbutt          |    15 |    42 |    36 ||    93
Evoke: Wand              |       |       |     3 ||     3
  Use: Scroll            |       |     3 |     1 ||     4
       Potion            |       |       |     1 ||     1
 Stab: Distracted        |       |       |     2 ||     2
  Eat: Ration            |     1 |     3 |     2 ||     6
Armor: Scale mail        |    88 |    80 |    57 ||   225
Dodge: Dodged            |    46 |    69 |    58 ||   173
Block: Kite shield       |    61 |   106 |   110 ||   277
       Rpst.: Long sword |    10 |    24 |    21 ||    55

Table legend:
 A = Non-vault XP
 B = Vault XP
 C = Vault XP percentage of total XP
 D = Non-vault monster count
 E = Vault monster count
 F = Vault count percentage of total count
                 A         B        C        D         E       F
            +---------+---------+-------+---------+---------+-------
      Total |    2052 |     245 |  10.7 |     132 |      14 |   9.6
            +---------+---------+-------+---------+---------+-------
        D:1 |      36 |       0 |   0.0 |      18 |       0 |   0.0
        D:2 |      61 |       1 |   1.6 |      17 |       1 |   5.6
        D:3 |     152 |       0 |   0.0 |      22 |       0 |   0.0
        D:4 |      44 |      20 |  31.2 |      10 |      10 |  50.0
        D:5 |     251 |       0 |   0.0 |      14 |       0 |   0.0
        D:6 |     613 |     224 |  26.8 |      27 |       3 |  10.0
        D:7 |     895 |       0 |   0.0 |      24 |       0 |   0.0
            +---------+---------+-------+---------+---------+-------
